 Dungeon Crawl Stone Soup version 0.27.1 (webtiles) character file.

Game seed: 742380992999096931

77399 nxtlvl the Devastator (level 15, -8/97 (103) HPs)
             Began as a Tengu Abyssal Knight on Aug 29, 2021.
             Was the Champion of Lugonu.
             Killed from afar by a deep elf pyromancer (25 damage)
             ... with a bolt of fire
             ... on level 1 of the Elven Halls.
             The game lasted 03:10:45 (12615 turns).

nxtlvl the Devastator (Tengu Abyssal Knight)       Turns: 12615, Time: 03:10:46

HP:   -8/97 (103)   AC:  9    Str: 13    XL:     15   Next: 56%
MP:   23/23         EV: 23    Int: 14    God:    Lugonu [******]
Gold: 122           SH:  0    Dex: 18    Spells: 9/22 levels left

rFire    . . .     SeeInvis .   a - +4 glaive (distort)
rCold    . . .     Faith    +   (shield currently unavailable)
rNeg     . . .     Spirit   .   g - +3 leather armour {Will+}
rPois    +         Reflect  .   f - +0 hat
rElec    .         Harm     .   d - scarf {repulsion}
rCorr    .         Rampage  .   e - +0 pair of gloves
Will     ++...                  (boots unavailable)
Stlth    +.........             z - amulet of faith
HPRegen  1.26/turn              P - +4 ring of protection
MPRegen  0.18/turn              L - ring of poison resistance

@: mighty, corroded, flying quickly and evasively, hasted, drained, repel
missiles, very quick
A: beak, talons 3, nimble flight, iridescent scales 1, regeneration 1, robust 1
a: Renounce Religion, Depart the Abyss, Bend Space, Banish, Corrupt, Enter the
Abyss


You were on level 1 of the Elven Halls.
You worshipped Lugonu.
Lugonu was exalted by your worship.
You visited 6 branches of the dungeon, and saw 24 of its levels.
You visited the Abyss 1 time.

You collected 1694 gold pieces.
You spent 1572 gold pieces at shops.

Inventory:

Hand Weapons
 a - a +4 glaive of distortion (weapon)
 b - a +1 halberd of flaming
 j - the +9 longbow of Ycvyi {freeze, Int+2 Stlth+}
   (You found it on level 2 of the Shoals)

   Any ammunition fired from it freezes those it strikes, dealing additional
   cold damage.
   It can also slow down cold-blooded creatures.
   Int:       It affects your intelligence (+2).
   Stlth:     It makes you more stealthy.
 Z - the +5 halberd of Bloody Death {protect, rN+ Will++}
   (You found it on level 1 of the Shoals)

   It grants its wielder temporary protection when it strikes (+7 to AC).
   rN:        It protects you from negative energy.
   Will:      It greatly increases your willpower.
Missiles
 r - 258 arrows
 E - 235 bolts
 O - a curare-tipped dart
 Q - 4 throwing nets
Armour
 c - +0 acid dragon scales
 d - a scarf of repulsion (worn)
 e - a +0 pair of gloves (worn)
 f - a +0 hat (worn)
 g - a +3 leather armour of willpower (worn)
 h - a +0 ring mail of fire resistance
 i - a +2 buckler
 y - the +18 shield of the Gong {rElec rN+ Will+ EV-5}
   (You found it on level 5 of the Lair of Beasts)

   It is deafeningly noisy when blocking attacks.
   EV:        It affects your evasion (-5).
   rElec:     It insulates you from electricity.
   rN:        It protects you from negative energy.
   Will:      It increases your willpower.
 C - a +0 robe of cold resistance
 D - +0 steam dragon scales
Magical Staves
 A - a staff of air
Jewellery
 l - a ring of protection from cold
 o - a +6 ring of dexterity
 p - a +4 ring of evasion
 z - an amulet of faith (around neck)
 L - a ring of poison resistance (right hand)
 P - a +4 ring of protection (left hand)
 W - an amulet of guardian spirit
Wands
 n - a wand of mindburst (31)
 t - a wand of iceblast (7)
 v - a wand of paralysis (6)
 x - a wand of flame (38)
 K - a wand of acid (3)
 M - a wand of charming (8)
 X - a wand of digging (13)
Scrolls
 k - a scroll of fog
 s - a scroll of vulnerability
 u - a scroll of enchant armour
 w - a scroll of immolation
 H - 4 scrolls of blinking
 N - a scroll of teleportation
 S - 2 scrolls of brand weapon
 V - 3 scrolls of silence
Potions
 m - 2 potions of attraction
 q - 7 potions of brilliance
 F - 7 potions of curing
 I - 3 potions of haste
 J - 2 potions of ambrosia
 R - a potion of magic
 T - 7 potions of mutation
 U - 2 potions of cancellation
 Y - a potion of lignification {unknown}


   Skills:
 - Level 11.0 Fighting
 - Level 14.0 Polearms
 - Level 2.1 Armour
 + Level 12.4 Dodging
 - Level 4.0 Shields
 - Level 4.0 Spellcasting
 * Level 17.0 Conjurations
 - Level 10.0 Invocations


You had 9 spell levels left.
You knew the following spells:

 Your Spells              Type           Power      Damage    Failure   Level
a - Iskenderun's Battles  Conj           50%        2d10      1%          5
x - Orb of Destruction    Conj           25%        9d10      19%         7
z - Magic Dart            Conj           100%       1d8       1%          1

Your spell library contained the following spells:

 Spells                   Type           Power      Damage    Failure   Level
 Foxfire                  Conj/Fire      100%       2x1d9     1%          1
 Conjure Flame            Conj/Fire      26%        6-21      2%          3
 Mephitic Cloud           Conj/Pois/Air  18%        N/A       7%          3
 Hailstorm                Conj/Ice       26%        3d7       8%          4
 Fireball                 Conj/Fire      13%        3d7       21%         5
 Call Imp                 Summ           2%         N/A       36%         2
 Corpse Rot               Necr/Air       N/A        N/A       36%         2
 Ensorcelled Hibernation  Hex/Ice        4%         N/A       36%         2
 Slow                     Hex            2%         N/A       36%         2
 Sublimation of Blood     Necr           1%         N/A       36%         2
 Wereblood                Tmut           2%         N/A       36%         2
 Bolt of Magma            Conj/Fire/Erth 9%         4d7       54%         5
 Confusing Touch          Hex            2%         N/A       58%         3
 Inner Flame              Hex/Fire       2%         N/A       58%         3
 Spider Form              Tmut/Pois      1%         N/A       58%         3
 Summon Guardian Golem    Hex/Summ       2%         N/A       58%         3
 Conjure Ball Lightning   Conj/Air       13%        3x3d6     75%         6
 Cause Fear               Hex            1%         N/A       94%         4
 Dispel Undead            Necr           2%         3d7       94%         4
 Ice Form                 Ice/Tmut       2%         N/A       94%         4
 Leda's Liquefaction      Hex/Erth       1%         N/A       94%         4
 Summon Ice Beast         Ice/Summ       2%         N/A       94%         4
 Spellforged Servitor     Conj/Summ      13%        N/A       99%         7
 Summon Mana Viper        Hex/Summ       2%         N/A       100%        5
 Yara's Violent Unravell  Hex/Tmut       1%         3d3       100%        5
 Death Channel            Necr           1%         N/A       100%        6
 Shadow Creatures         Summ           N/A        N/A       100%        6
 Simulacrum               Ice/Necr       1%         N/A       100%        6
 Statue Form              Tmut/Erth      1%         N/A       100%        6
 Dragon Form              Tmut           1%         N/A       100%        7
 Monstrous Menagerie      Summ           1%         N/A       100%        7
 Summon Hydra             Summ           1%         N/A       100%        7
 Dragon's Call            Summ           1%         N/A       100%        9


Dungeon Overview and Level Annotations

Branches:
Dungeon (11/15)            Temple (0/1) D:4            Lair (6/6) D:10
 Shoals (3/4) Lair:2       Spider (1/4) Lair:4        Slime (0/5) Lair:6
    Orc (2/2) D:9             Elf (1/3) Orc:2

Altars:
Ashenzari
Cheibriados
Dithmenos
Fedhas
Gozag
Hepliaklqana
Kikubaaqudgha
Makhleb
Okawaru
Sif Muna
Trog
Uskayaw
Vehumet
Wu Jian
Xom
Zin
The Shining One
Beogh
Jiyva
Lugonu

Shops:
D:1 =   D:4 =   Orc:2 (::[   Shoals:1 *   Shoals:3 =

Portals:
Abyss: Lair:6

Annotations:
D:5 Eustachio


Innate Abilities, Weirdness & Mutations

You have a beak for a mouth.
You have claws for feet.
Your magical nature lets you fly swiftly and evasively.
You are partially covered in iridescent scales. (AC +2)
Your natural rate of healing is unusually fast.
You are robust. (+10% HP)


Message History

The deep elf sorcerer casts a spell at you.
The bolt of acid misses you.
Reach: a) +4 glaive (distort)
Press: ? - help, Dir - move target, f - deep elf sorcerer, p - deep elf pyromancer
Aim: a deep elf sorcerer, wielding a +0 rapier (fast, about 36% to evade your +4 glaive of distortion)
You reach to attack!
You slash the deep elf sorcerer!
Space bends around the deep elf sorcerer.
The deep elf sorcerer is lightly wounded.
The deep elf sorcerer casts a spell at you.
The sphere of damnation explodes!
The damnation engulfs you!!!
* * * LOW HITPOINT WARNING * * *
Unknown command.
You feel much better.
The deep elf sorcerer hits you with a +0 rapier.
You feel very mighty all of a sudden.
The deep elf sorcerer completely misses you.
The deep elf zephyrmancer casts a spell.
The deep elf zephyrmancer blinks!
The deep elf sorcerer barely misses you.
The deep elf pyromancer casts a spell.
You feel yourself speed up.
The deep elf sorcerer gestures at you while chanting.
The bolt of acid hits you!!
* * * LOW HITPOINT WARNING * * *
The acid corrodes you!
You are splashed with acid!
* * * LOW HITPOINT WARNING * * *
Unknown command.
You barely miss the deep elf sorcerer. You claw the deep elf sorcerer!
You peck the deep elf sorcerer!
The deep elf sorcerer is heavily wounded.
The deep elf sorcerer closely misses you.
You slash the deep elf sorcerer!
Space bends around the deep elf sorcerer.
You claw the deep elf sorcerer!
You kill the deep elf sorcerer!
Lugonu accepts your kill.
The deep elf pyromancer casts a spell at you.
The bolt of fire hits the fire elemental.
The fire elemental completely resists.
The bolt of fire hits you!!
You die...

#.###.......##
#.##.........#
#.###.......##
#.# #.e.....#
##..e○.##
#..E.☼+
##'#§###
#.##)#
#.....'###@#
#....e# #.#
...... #.#
..... #.#
..e.. #.# #e..
#.# #.^. #+#


You could see a deep elf pyromancer, a deep elf zephyrmancer and a fire
elemental (summoned).

Vanquished Creatures
  A deep elf sorcerer (Elf:1)
  Josephine (Lair:5)
  A boulder beetle (Lair:2)
  A merfolk avatar (Shoals:1)
  3 hydras (Lair:2)
  A merfolk aquamancer (Shoals:3)
  3 orc high priests (Orc:2)
  9 death yaks
  2 thrashing horrors (Lair:6)
  2 deep elf knights (Elf:1)
  A sea snake (Shoals:2)
  2 deep elf archers (Elf:1)
  6 deep elf pyromancers (Elf:1)
  2 deep elf zephyrmancers (Elf:1)
  11 harpies
  10 fauns
  3 manticores
  4 orc knights (Orc:2)
  3 orc sorcerers (Orc:2)
  2 ugly things (Lair:6)
  A cyclops (Shoals:2)
  3 merfolk sirens (Shoals:1)
  4 black mambas
  A black mamba (shapeshifter) (D:11)
  3 elephants (Lair:6)
  A water nymph (Shoals:1)
  20 cane toads
  Maggie (D:6)
  3 kobold demonologists
  A rime drake (shapeshifter) (Lair:6)
  2 gargoyles
  Psyche (D:10)
  7 komodo dragons
  3 rime drakes
  2 ancient zymes (Lair:6)
  3 merfolk (Shoals:2)
  A troll (D:11)
  A polar bear (Lair:4)
  3 wind drakes
  8 blink frogs (Lair:6)
  Grinder (D:6)
  Prince Ribbit (D:8)
  A slime creature (Lair:1)
  16 dream sheep
  A snapping turtle (Shoals:2)
  2 redbacks (Spider:1)
  5 water elementals
  A tarantella (Lair:4)
  4 basilisks
  16 yaks
  A fire elemental (Lair:1)
  6 wraiths
  5 wyverns
  4 ynoxinuls (Lair:6)
  2 vampire mosquitoes (D:10)
  A large abomination (Lair:6)
  2 acid dragons
  17 water moccasins
  Duvessa (D:5)
  14 orc warriors
  3 sky beasts
  2 black bears (D:6)
  3 necrophages
  5 centaurs
  3 ogres
  11 small abominations (Lair:6)
  A phantom (D:5)
  6 kobold brigands
  17 bullfrogs
  Dowan (D:5)
  2 gnoll sergeants
  6 scorpions
  A water moccasin skeleton (D:4)
  4 killer bees
  11 wights
  An electric eel (Lair:5)
  11 centaur zombies
  A bullfrog zombie (D:6)
  A human zombie (D:9)
  7 jellies
  19 orc priests
  A hound (D:6)
  A bullfrog skeleton (D:6)
  A centaur skeleton (D:7)
  An iron imp (D:7)
  Ijyb (D:5)
  18 orc wizards
  2 iguanas
  7 hell rats (Lair:4)
  A killer bee zombie (D:9)
  3 mummies (D:9)
  2 howler monkey zombies (D:9)
  7 gnolls
  A howler monkey skeleton (D:6)
  6 adders
  6 white imps
  2 ufetubi
  2 worms
  A dart slug (D:2)
  40 orcs
  2 bats
  20 endoplasms
  3 giant cockroaches
  5 hobgoblins
  6 quokkas
  5 ball pythons
  3 frilled lizards
  9 goblins
  26 kobolds
  4 rats
  A spectral kobold (D:2)
541 creatures vanquished.

Vanquished Creatures (others)
  An orc priest (Orc:2)
  An orc (Orc:2)
  28 fungi
  87 plants
117 creatures vanquished.

Grand Total: 658 creatures vanquished

Notes
Turn   | Place    | Note
-------+----------+-------------------------------------------
     0 | Abyss:1  | nxtlvl the Tengu Abyssal Knight began the quest for the
                  | Orb.
     0 | Abyss:1  | Reached XP level 1. HP: 14/14 MP: 3/3
     8 | D:1      | Escaped the Abyss
   108 | D:1      | Reached XP level 2. HP: 11/19 MP: 4/4
   137 | D:1      | Found Dunomi's Jewellery Shoppe.
   272 | D:2      | Reached XP level 3. HP: 13/23 MP: 5/5
   379 | D:4      | Reached ** piety under Lugonu
   382 | D:5      | Entered Level 5 of the Dungeon
   385 | D:5      | Noticed Dowan
   424 | D:3      | Learned a level 1 spell: Magic Dart
   632 | D:2      | Found a faded altar of an unknown god.
   665 | D:2      | Reached skill level 1 in Conjurations
   708 | D:2      | Reached skill level 2 in Conjurations
   708 | D:2      | Reached XP level 4. HP: 22/28 MP: 6/6
   813 | D:4      | Noticed a centaur
   813 | D:4      | Noticed a scorpion
   885 | D:3      | Found a glowing golden altar of the Shining One.
  1039 | D:6      | Noticed a black bear
  1039 | D:6      | Found a bloodstained altar of Trog.
  1082 | D:5      | Noticed a necrophage
  1099 | D:5      | Reached skill level 3 in Conjurations
  1110 | D:5      | Found an opulent altar of Gozag.
  1116 | D:5      | Noticed a phantom
  1127 | D:5      | Killed a phantom
  1128 | D:5      | Reached skill level 4 in Conjurations
  1128 | D:5      | Gained mutation: Your magical nature lets you fly swiftly
                  | and evasively. [Tengu growth]
  1128 | D:5      | Reached XP level 5. HP: 17/32 MP: 3/7
  1130 | D:5      | Noticed Duvessa
  1279 | D:4      | Found a blossoming altar of Fedhas.
  1296 | D:4      | Reached skill level 5 in Conjurations
  1300 | D:4      | Found a broken altar of Ashenzari.
  1300 | D:4      | Found a radiant altar of Vehumet.
  1300 | D:4      | Found a hide-covered altar of Uskayaw.
  1387 | D:5      | Reached XP level 6. HP: 36/37 MP: 8/8
  1394 | D:5      | Found a shimmering altar of Xom.
  1414 | D:5      | Noticed Eustachio
  1542 | D:6      | Reached skill level 6 in Conjurations
  1603 | D:5      | Gained mutation: You are robust. (+10% HP) [potion of
                  | mutation]
  1603 | D:5      | Gained mutation: Your natural rate of healing is unusually
                  | fast. [potion of mutation]
  1603 | D:5      | Gained mutation: You are partially covered in iridescent
                  | scales. (AC +2) [potion of mutation]
  1617 | D:4      | Reached skill level 5 in Polearms
  1673 | D:4      | Found a staircase to the Ecumenical Temple.
  1690 | D:4      | Reached XP level 7. HP: 40/45 MP: 9/9
  1750 | D:4      | Found Suaj's Jewellery Shop.
  1952 | D:7      | Found a burning altar of Makhleb.
  2072 | D:7      | Reached *** piety under Lugonu
  2089 | D:7      | Reached XP level 8. HP: 52/52 MP: 10/10
  2184 | D:7      | Reached skill level 7 in Conjurations
  2439 | D:8      | Reached skill level 1 in Shields
  2519 | D:7      | Found a shadowy altar of Dithmenos.
  2519 | D:7      | Found an ornate altar of the Wu Jian Council.
  2564 | D:7      | Reached skill level 5 in Fighting
  2564 | D:7      | Reached XP level 9. HP: 59/59 MP: 9/12
  2606 | D:7      | Reached skill level 8 in Conjurations
  2724 | D:7      | Found a snail-covered altar of Cheibriados.
  2874 | D:6      | Found an iron altar of Okawaru.
  2874 | D:6      | Noticed Grinder
  2896 | D:6      | Paralysed by Grinder for 4 turns
  2912 | D:6      | Killed Grinder
  2912 | D:6      | Reached **** piety under Lugonu
  2929 | D:6      | Reached skill level 5 in Dodging
  3110 | D:6      | Noticed Maggie
  3125 | D:6      | Killed Maggie
  3212 | D:5      | Noticed Ijyb
  3225 | D:5      | Paralysed by Ijyb for 5 turns
  3239 | D:5      | Killed Ijyb
  3271 | D:5      | Killed Duvessa
  3281 | D:5      | Killed Dowan
  3353 | D:4      | Bought a ring of poison resistance for 220 gold pieces
  3398 | D:6      | Reached XP level 10. HP: 66/66 MP: 14/14
  3475 | D:8      | Noticed Prince Ribbit
  3694 | D:8      | Killed Prince Ribbit
  3917 | D:9      | Found a shimmering blue altar of Sif Muna.
  3917 | D:9      | Noticed a kobold demonologist
  3947 | D:9      | Killed a kobold demonologist
  3952 | D:9      | Reached ***** piety under Lugonu
  3994 | D:9      | Reached skill level 10 in Polearms
  4000 | D:9      | Found a staircase to the Orcish Mines.
  4288 | D:9      | Reached skill level 5 in Invocations
  4295 | D:9      | Found an ancient bone altar of Kikubaaqudgha.
  4458 | D:10     | Entered Level 10 of the Dungeon
  4561 | D:10     | Noticed a death yak
  4621 | D:10     | Noticed Psyche
  4621 | D:10     | Noticed a gargoyle
  4640 | D:10     | Killed a gargoyle
  4656 | D:10     | Noticed a kobold demonologist
  4663 | D:10     | Noticed a kobold demonologist
  4667 | D:10     | Killed a kobold demonologist
  4757 | D:10     | Noticed a skeletal warrior
  4757 | D:10     | Noticed a skeletal warrior
  4757 | D:10     | Noticed a skeletal warrior
  4757 | D:10     | Noticed a skeletal warrior
  4764 | D:10     | Noticed a death yak
  4764 | D:10     | Found a staircase to the Lair.
  4764 | D:10     | Noticed a death yak
  4843 | D:10     | Reached XP level 11. HP: 70/73 MP: 14/16
  4914 | D:10     | Found a hazy altar of Hepliaklqana.
  5127 | D:10     | Killed Psyche
  5142 | D:10     | Learned a level 7 spell: Orb of Destruction
  5683 | D:10     | Killed a death yak
  5771 | D:10     | Killed a death yak
  5800 | Lair:1   | Entered Level 1 of the Lair of Beasts
  5849 | Lair:2   | Noticed a five-headed hydra
  5931 | Lair:1   | Reached ****** piety under Lugonu
  6030 | Lair:1   | You are sucked into a shaft and drop 1 floor!
  6041 | Lair:2   | Killed a one-headed hydra
  6042 | Lair:2   | Reached skill level 1 in Spellcasting
  6150 | Lair:3   | Reached skill level 9 in Conjurations
  6150 | Lair:3   | Reached XP level 12. HP: 82/82 MP: 12/18
  6205 | Lair:2   | Noticed an eight-headed hydra
  6438 | Lair:4   | Reached skill level 10 in Conjurations
  6722 | Lair:2   | Killed a four-headed hydra
  6857 | Lair:2   | Found a staircase to the Shoals.
  7017 | Lair:2   | Reached skill level 11 in Conjurations
  7244 | Lair:2   | Noticed a four-headed hydra
  7249 | Lair:2   | Killed a one-headed hydra
  7344 | Lair:2   | Noticed a boulder beetle
  7366 | Lair:1   | Reached XP level 13. HP: 79/88 MP: 15/19
  7568 | Lair:4   | Reached skill level 12 in Conjurations
  7591 | Lair:4   | Found a hole to the Spider Nest.
  7636 | Lair:5   | Noticed Josephine
  7745 | Lair:4   | Identified a +2 glaive of distortion (a +0 glaive corrupted
                  | by Lugonu)
  7745 | Lair:4   | Received a gift from Lugonu
  7787 | Lair:4   | Reached skill level 10 in Dodging
  7906 | Lair:5   | Found the +18 shield of the Gong {rElec rN+ Will+ EV-5}
  7909 | Lair:5   | Noticed an ice dragon
  8055 | Lair:5   | Killed Josephine
  8405 | Lair:6   | Entered Level 6 of the Lair of Beasts
  8549 | Lair:6   | Reached skill level 10 in Fighting
  8551 | Lair:6   | Reached skill level 13 in Conjurations
  8723 | Lair:6   | Found a staircase to the Slime Pits.
  8725 | Lair:6   | Found a viscous altar of Jiyva.
  9028 | Lair:6   | Reached XP level 14. HP: 96/96 MP: 21/21
  9055 | Lair:6   | Reached skill level 14 in Conjurations
  9523 | Lair:6   | Found a corrupted altar of Lugonu.
  9523 | Lair:6   | Found a one-way gate to the infinite horrors of the Abyss.
  9988 | Orc:1    | Entered Level 1 of the Orcish Mines
 10053 | Orc:2    | Entered Level 2 of the Orcish Mines
 10148 | Orc:2    | Found a staircase to the Elven Halls.
 10467 | Orc:2    | Paralysed by an orc sorcerer for 7 turns
 10655 | Orc:2    | Reached skill level 15 in Conjurations
 10755 | Orc:2    | Found Aniuppuu's Antique Armour Shop.
 10755 | Orc:2    | Found Duben Ymion's Book Emporium.
 10757 | Orc:2    | Found Akhlaom's Book Shop.
 10757 | Orc:2    | Found Gazub's Weapon Emporium.
 10774 | Orc:2    | Bought a book of the Spheres for 648 gold pieces
 10780 | Orc:2    | Learned a level 5 spell: Iskenderun's Battlesphere
 10982 | Shoals:1 | Entered Level 1 of the Shoals
 11108 | Shoals:1 | Found Hionil's Assorted Antiques.
 11113 | Shoals:1 | Identified the +5 halberd of Bloody Death {protect, rN+
                  | Will++}
 11147 | Shoals:1 | Bought 2 dark potions for 64 gold pieces
 11194 | Shoals:1 | HP: 3/99 [harpy (9)]
 11203 | Shoals:1 | Identified the +1 scale mail "Caav" {rC++ Will- rCorr
                  | Slay-3}
 11286 | Shoals:1 | Found Sommal's Assorted Antiques.
 11324 | Shoals:1 | Bought a hat for 84 gold pieces
 11324 | Shoals:1 | Bought a potion of haste for 210 gold pieces
 11324 | Shoals:1 | Bought a scroll of blinking for 157 gold pieces
 11324 | Shoals:1 | Bought a scroll of teleportation for 63 gold pieces
 11329 | Shoals:1 | Bought a potion of curing for 63 gold pieces
 11329 | Shoals:1 | Bought a potion of curing for 63 gold pieces
 11468 | Shoals:2 | Reached XP level 15. HP: 35/103 MP: 23/23
 11606 | Shoals:3 | Found Zijogahi's Jewellery Shop.
 11687 | Shoals:2 | Reached skill level 10 in Invocations
 11702 | Shoals:2 | Reached skill level 16 in Conjurations
 11987 | Shoals:2 | Identified the +9 longbow of Ycvyi {freeze, Int+2 Stlth+}
 12150 | Spider:1 | Entered Level 1 of the Spider Nest
 12320 | Elf:1    | Entered Level 1 of the Elven Halls
 12328 | Elf:1    | Noticed an angel
 12329 | Elf:1    | Found a glowing silver altar of Zin.
 12331 | Elf:1    | Found a glowing golden altar of the Shining One.
 12533 | Elf:1    | Reached skill level 17 in Conjurations
 12599 | Elf:1    | Noticed a deep elf sorcerer
 12615 | Elf:1    | Killed a deep elf sorcerer
 12615 | Elf:1    | Killed from afar by a deep elf pyromancer

Illustrated notes

Levels and vault maps discovered:
D:1:      lemuel_arrival_broad_hall, layout_loops_ring, serial_shops,
          shop_fountains
D:2:      layout_basic, serial_rivers, chequers_serial_rivers_micro_b,
          chequers_serial_rivers_micro_e, chequers_serial_rivers_micro_d,
          chequers_serial_rivers_micro_b, chequers_serial_rivers_room_a,
          chequers_serial_rivers_small_b,
          dreamdust_ecumenical_altar_drowned_temple, st_stairs_7,
          minmay_misc_feat_nine_boxes, minmay_fractal_squares_gapless_5
D:3:      layout_basic, mainiacjoe_overflow_24_doors
D:4:      layout_loops_ring, grunt_temple_overflow_open,
          minmay_temple_entry_stoned_glass, serial_shops,
          nicolae_shop_waterfront
D:5:      layout_basic, marbit_many_paths, kennysheep_little_box,
          uniq_eustachio, uniq_ijyb, uniq_duvessa, uniq_pikel
D:6:      layout_basic, trog_ov_bears_minmay, kennysheep_okawaru_gauntlet,
          serial_bayou, serial_bayou_lagoon_a, serial_bayou_shore_b,
          serial_bayou_pond_e, serial_bayou_crossing, uniq_grinder, uniq_maggie
D:7:      layout_gridville, lemuel_doored_altar, chei_slow_surprise,
          chequers_temple_overflow_statue_of_worship, chequers_jeans,
          nicolae_sextant, minmay_starry_boxes
D:8:      layout_loops_ring, serial_rivers, chequers_serial_rivers_room_b,
          chequers_serial_rivers_small_b, chequers_serial_rivers_large_a,
          chequers_serial_rivers_small_3, chequers_serial_rivers_micro_c,
          chequers_serial_rivers_room_a, uniq_prince_ribbit1
D:9:      layout_loops_ring, lemuel_mausoleum_altar_kikubaaqudgha,
          nicolae_sif_muna_condensation, orc_0_dummy, blue_anna_alchemist
D:10:     layout_roguey, worldfamousw_hep_ancestral_shrine, dpeg_lair_monsters,
          uniq_psyche
D:11:     layout_irregular_city, serial_column_ruins, column_ruins_hut,
          column_ruins_courtyard_long, column_ruins_open_small,
          column_ruins_open_tiny, column_ruins_open_small,
          column_ruins_open_small
Lair:1:   lemuel_slime, layout_gridlike, chequers_serial_rivers_small_b,
          lemuel_fruit_fields, lemuel_fruit_tree
Lair:2:   cheibrodos_lair_river_kwai, layout_cave_pods,
          minmay_shoals_entry_beasts, infiniplex_staircase_pool_2,
          grunt_megastairs_2
Lair:3:   layout_chaotic_city
Lair:4:   layout_cave_pods, nicolae_spider_entry_non_spiders
Lair:5:   statuecave_lemuel, layout_hall_layers, bobbens_ice_dragon_lair,
          uniq_josephine
Lair:6:   hellmonk_lair_end_abyssal_woods, layout_regular_city, slime_altar_1
Shoals:1: layout_shoals, serial_shops, shop, shop
Shoals:2: layout_shoals, nicolae_shoals_loop_pool
Shoals:3: nicolae_shoals_island_circles, layout_shoals, serial_shops, shop
Spider:1: layout_spider_delve, nicolae_spider_swamp_cousins
Orc:1:    layout_caves, biasface_ghost_orc_armoury, guppyfry_orc_lava_fort
Orc:2:    grunt_orc_tribal_feast, layout_diamond_mine, basic_altar
Elf:1:    layout_geoelf_diagonals, portal_desolation_entry_holy_temple,
          minmay_elf_annihilation, orc_legates

Skill      XL: |  1  2  3  4  5  6  7  8  9 10 11 12 13 14 15 |
---------------+----------------------------------------------+-----
Polearms       | 3 4 5 6 7 9 10 12 13 14 | 14.0
Conjurations   | 2 4 5 6 7 8 9 11 13 15 17 | 17.0
Dodging        | 2 3 4 5 7 8 9 10 11 12 | 12.4
Fighting       | 4 5 7 8 9 10 11 | 11.0
Invocations    | 2 4 5 6 7 8 9 10 | 10.0
Shields        | 1 3 4 |  4.0
Spellcasting   | 1 2 4 |  4.0
Armour         | |  2.1

Action                   |  1- 3 |  4- 6 |  7- 9 | 10-12 | 13-15 || total
-------------------------+-------+-------+-------+-------+-------++-------
Melee: Spear             |    85 |   107 |   302 |       |       ||   494
       Peck              |     8 |     9 |    50 |   136 |   133 ||   336
       Kick              |    12 |    31 |    76 |   214 |   240 ||   573
       Halberd           |       |       |    29 |   709 |    78 ||   816
       Glaive            |       |       |       |       |   843 ||   843
Throw: Dart              |       |     9 |     1 |       |       ||    10
       Throwing net      |       |     2 |       |       |       ||     2
 Cast: Magic Dart        |       |    23 |    39 |   148 |   134 ||   344
       Iskenderun's Batt |       |       |       |       |    16 ||    16
Invok: Brand Weapon With |       |       |       |       |     1 ||     1
Evoke: Wand              |       |       |     3 |       |     5 ||     8
  Use: Potion            |     1 |     2 |     1 |       |     9 ||    13
       Scroll            |     4 |     3 |     1 |    11 |    15 ||    34
 Stab: Sleeping          |     5 |     3 |     1 |    13 |     3 ||    25
       Distracted        |       |       |       |     1 |       ||     1
Armor: Leather armour    |    11 |    21 |    23 |       |    19 ||    74
       Ring mail         |       |       |    39 |    24 |     5 ||    68
       Steam dragon scal |       |       |       |    46 |       ||    46
       Acid dragon scale |       |       |       |    84 |   118 ||   202
Dodge: Dodged            |    11 |    42 |   118 |   475 |   800 ||  1446
       Repelled          |       |     1 |     3 |     2 |    19 ||    25
Block: Buckler           |    10 |    28 |    43 |       |       ||    81
